 Dungeon Crawl Stone Soup version 0.23-a0-808-gd21de94 (webtiles) character file.

1362 Firecrotchwizard the Cudgeler (level 8, -4/79 HPs)
             Began as a Troll Berserker on Jan 20, 2019.
             Was a Priest of Trog.
             Slain by a gnoll (7 damage)
             ... on level 5 of the Dungeon.
             The game lasted 00:10:01 (4068 turns).

Firecrotchwizard the Cudgeler (Troll Berserker)     Turns: 4068, Time: 00:10:01

Health: -4/79      AC:  9    Str: 26    XL:     8   Next: 37%
Magic:  7/7        EV: 11    Int:  5    God:    Trog [***...]
Gold:   144        SH:  0    Dex:  9    Spells: 7/7 levels left

rFire    + + .     SeeInvis .   w - +0 flail
rCold    x . .     Gourm    +   (no shield)
rNeg     . . .     Faith    .   x - +1 robe {rF+}
rPois    .         Spirit   .   (helmet restricted)
rElec    .         Reflect  .   (no cloak)
rCorr    .         Harm     .   (gloves unavailable)
MR       .....                  (boots unavailable)
Stlth    +.........             (no amulet)
HPRegen  0.63/turn              p - ring of fire {rF+, rC-}
MPRegen  0.10/turn              C - +2 ring of protection

@: berserk cooldown, slowed, very slow
A: large, unfitting armour, claws 3, fast metabolism 3, gourmand, regeneration
1, shaggy fur 1, tough skin 3
a: Berserk, Trog's Hand, Renounce Religion


You were on level 5 of the Dungeon.
You worshipped Trog.
Trog was most pleased with you.
You were very full.

You visited 1 branch of the dungeon, and saw 5 of its levels.

You collected 144 gold pieces.

Inventory:

Hand Weapons
 u - a +0 morningstar
   (You took it off an orc on level 3 of the Dungeon)
 w - a +0 flail (weapon)
   (You took it off a gnoll on level 4 of the Dungeon)
Missiles
 t - 2 throwing nets {=f, !d}
Armour
 x - a +1 robe of fire resistance (worn)
   (You took it off an orc wizard on level 4 of the Dungeon)
Jewellery
 p - a ring of fire (left claw) {rF+, rC-}
   (You found it on level 2 of the Dungeon)
 C - a +2 ring of protection (right claw)
   (You found it on level 4 of the Dungeon)
Wands
 G - a wand of scattershot (5)
   (You found it on level 4 of the Dungeon)
Scrolls
 f - a scroll of magic mapping {unknown}
 i - 7 scrolls of identify {unknown}
 j - 2 scrolls of amnesia {unknown}
 l - 2 scrolls of blinking {unknown}
 n - 2 scrolls of fog {unknown}
 q - 3 scrolls of teleportation {unknown}
 r - a scroll of noise {unknown}
 v - a scroll of immolation {unknown}
 A - 2 scrolls of fear {unknown}
 D - 2 scrolls of remove curse {unknown}
Potions
 a - a potion of invisibility {unknown}
 b - a potion of magic {unknown}
 d - a potion of haste {unknown}
 e - 3 potions of curing {unknown}
 g - a potion of agility {unknown}
 h - 2 potions of mutation {unknown}
 k - 3 potions of heal wounds {unknown}
 m - a potion of lignification {unknown}
 s - a potion of resistance {unknown}
Comestibles
 c - 10 rations
 o - 5 chunks of flesh {@w0}


   Skills:
 + Level 4.9 Fighting
 * Level 7.2 Maces & Flails
 + Level 2.1 Armour
 - Level 4.2 Dodging


You had 7 spell levels left.
You didn't know any spells.
Your spell library was empty.

Dungeon Overview and Level Annotations

Branches:
Dungeon (5/15)             Temple (0/1) D:4

Altars:
Cheibriados
Gozag
Ru
Uskayaw
Xom


Innate Abilities, Weirdness & Mutations

You are too large for most types of armour.
You have claws for hands.
Your metabolism is lightning-fast.
You like to eat raw meat.
Your natural rate of healing is unusually fast.
You are covered in fur. (AC +1)
You have extremely tough skin. (AC +3)


Message History

The gnoll misses you. The gnoll hits you but does no damage.
The gnoll sergeant hits you from afar with a +0 spear.
The gnoll hits you but does no damage.
You take 4 damage, and have 69/118 hp.
You barely miss the gnoll shaman. The gnoll hits you but does no damage.
The gnoll shaman closely misses you. The gnoll hits you but does no damage.
The gnoll throws a stone.
The stone barely misses you. The gnoll hits you but does no damage.
The gnoll sergeant barely misses you.
You sock the gnoll shaman! The gnoll hits you but does no damage.
The gnoll barely misses you.
The gnoll shaman calls upon its god to heal the gnoll.
The gnoll is healed somewhat.
The gnoll closely misses you.
You barely miss the gnoll shaman. The gnoll barely misses you.
The gnoll sergeant hits you but does no damage.
The gnoll barely misses you. The gnoll misses you.
You regained 2 hp, and now have 73/118 hp.
You sock the gnoll shaman!
You kill the gnoll shaman!
Trog accepts your kill.
Your Armour skill increases to level 2!
The gnoll hits you. The gnoll hits you but does no damage.
The gnoll misses you. The gnoll barely misses you.
The gnoll sergeant hits you from afar with a +0 spear!
You take 14 damage, and have 59/118 hp.
You closely miss the gnoll. The gnoll misses you. The gnoll hits you.
The gnoll closely misses you. The gnoll misses you.
The gnoll throws a stone.
The stone hits you but does no damage. The gnoll closely misses you.
You take 5 damage, and have 54/118 hp.
You bludgeon the gnoll!!
You kill the gnoll!
Trog accepts your kill.
The gnoll sergeant hits you but does no damage.
The gnoll closely misses you. The gnoll misses you.
The gnoll barely misses you. The gnoll hits you but does no damage.
The gnoll hits you with a +0 spear.
The gnoll sergeant hits you but does no damage.
Things that are here:
a +0 whip; a +0 robe; a gnoll corpse You take 4 damage, and have 51/118 hp.
You sock the gnoll sergeant!
You feel the effects of Trog's Hand fading.
The gnoll barely misses you. The gnoll hits you.
The gnoll hits you but does no damage. The gnoll hits you with a +0 spear.
The gnoll barely misses you.
You take 6 damage, and have 45/118 hp.
The gnoll sergeant blocks your attack.
The gnoll sergeant hits you with a +0 spear.
The gnoll hits you with a +0 whip. The gnoll barely misses you.
The gnoll hits you.
You take 6 damage, and have 39/118 hp.
You closely miss the gnoll sergeant. The gnoll closely misses you.
The gnoll hits you with a +0 spear.
* * * LOW HITPOINT WARNING * * *
The gnoll sergeant hits you with a +0 spear.
* * * LOW HITPOINT WARNING * * *
The gnoll hits you but does no damage.
You take 10 damage, and have 29/118 hp.
You closely miss the gnoll sergeant. The gnoll completely misses you.
The gnoll barely misses you. The gnoll hits you!
* * * LOW HITPOINT WARNING * * *
The gnoll hits you but does no damage.
You are electrocuted!
* * * LOW HITPOINT WARNING * * *
The gnoll hits you but does no damage.
The gnoll sergeant hits you but does no damage.
You take 24 damage, and have 5/118 hp.
MASSIVE DAMAGE!!
You sock the gnoll sergeant!
You kill the gnoll sergeant!
Trog accepts your kill. The gnoll closely misses you.
The gnoll barely misses you. x2
The gnoll misses you.
The gnoll throws a stone.
The stone hits you.
* * * LOW HITPOINT WARNING * * *
The gnoll closely misses you. x2
Items here: ( ) [[ † a stone; a +0 spear; a +0 scale mail; a +0 shield; a gnoll corpse You take 1 damage, and have 5/118 hp.
You sock the gnoll!
You kill the gnoll!
Trog accepts your kill. The gnoll closely misses you.
You sock the gnoll!
You kill the gnoll!
Trog accepts your kill.
You are no longer berserk.
You are exhausted.
You feel yourself slow down. The gnoll hits you with a +0 club.
* * * LOW HITPOINT WARNING * * *
The gnoll hits you.
* * * LOW HITPOINT WARNING * * *
The gnoll throws a stone.
The stone hits you but does no damage.
The gnoll throws a throwing net.
The throwing net completely misses you.
You now have 2/79 hp.
You hit the gnoll but do no damage.
Your skin stops crawling.
You feel less resistant to hostile enchantments.
The gnoll closely misses you. The gnoll hits you!
You die...

.############...#'''#..
####>.##...##. #.....#
.[# # #.....## (# .#
#......## ..#
#......(###$..#
#......g......#
#......g)gg(####
........)@......#
..................
......####(..####.
....# (..... .. .......
..(.....# ........#
###...####


You could see 4 gnolls.

Vanquished Creatures
  Sigmund (D:2)
  A sky beast (D:4)
  A wolf (D:5)
  2 gnoll sergeants
  A howler monkey (D:5)
  4 crimson imps (D:4)
  3 bullfrog zombies
  2 hounds (D:4)
  3 orc wizards (D:4)
  An orc priest (D:5)
  Jessica (D:2)
  A gnoll shaman (D:5)
  A worker ant (D:4)
  2 hound zombies (D:4)
  A howler monkey zombie (D:4)
  2 worker ant zombies (D:4)
  12 gnolls
  9 adders
  An ooze (D:1)
  2 adder skeletons
  3 worms
  3 dart slugs
  A leopard gecko (D:4)
  13 orcs
  A ball python (D:4)
  2 giant cockroaches
  3 goblins
  8 hobgoblins
  A jackal (D:3)
  3 quokkas
  7 bats
  8 frilled lizards
  A jackal zombie (D:4)
  6 kobolds
  2 quokka zombies (D:4)
  8 rats
121 creatures vanquished.

Notes
Turn   | Place    | Note
-------+----------+-------------------------------------------
     0 | D:1      | Firecrotchwizard the Troll Berserker began the quest for
                  | the Orb.
     0 | D:1      | Reached XP level 1. HP: 22/22 MP: 0/0
    97 | D:1      | Reached skill level 3 in Maces & Flails
    97 | D:1      | Reached XP level 2. HP: 29/29 MP: 1/1
   616 | D:2      | Noticed Sigmund
   625 | D:1      | Reached XP level 3. HP: 31/36 MP: 2/2
   869 | D:2      | Found a faded altar of an unknown god.
   978 | D:2      | Reached ** piety under Trog
  1127 | D:2      | Reached XP level 4. HP: 44/44 MP: 3/3
  1315 | D:2      | Reached skill level 3 in Dodging
  1402 | D:2      | Killed Sigmund
  1402 | D:2      | Reached skill level 3 in Fighting
  1402 | D:2      | Reached skill level 4 in Maces & Flails
  1402 | D:2      | Reached XP level 5. HP: 38/53 MP: 4/4
  1467 | D:2      | Noticed Jessica
  1476 | D:2      | Killed Jessica
  1476 | D:2      | Reached XP level 6. HP: 59/61 MP: 5/5
  1809 | D:3      | Found a hide-covered altar of Uskayaw.
  2165 | D:3      | Found a snail-covered altar of Cheibriados.
  2463 | D:4      | Reached skill level 5 in Maces & Flails
  2747 | D:4      | Noticed a sky beast
  2763 | D:4      | Reached XP level 7. HP: 44/68 MP: 6/6
  2772 | D:4      | Reached skill level 4 in Fighting
  2772 | D:4      | Reached skill level 4 in Dodging
  2775 | D:4      | Reached *** piety under Trog
  2923 | D:4      | Found a staircase to the Ecumenical Temple.
  3006 | D:4      | Found an opulent altar of Gozag.
  3007 | D:4      | Found a sacrificial altar of Ru.
  3160 | D:4      | Found a shimmering altar of Xom.
  3198 | D:4      | Reached skill level 6 in Maces & Flails
  3492 | D:4      | Reached skill level 1 in Armour
  3656 | D:5      | Entered Level 5 of the Dungeon
  3790 | D:5      | Reached XP level 8. HP: 72/79 MP: 7/7
  3974 | D:5      | Reached skill level 7 in Maces & Flails
  4056 | D:5      | Reached skill level 2 in Armour
  4062 | D:5      | HP: 29/118 [gnoll sergeant/+0 spear (5)]
  4063 | D:5      | HP: 5/118 [gnoll/+1 dagger of electrocution (18)]
  4067 | D:5      | HP: 2/79 [gnoll (2)]
  4068 | D:5      | Slain by a gnoll

Vault maps used:
D:1:      onia_arrival_mini_spirals
D:2:      chequers_ecumenical_altar_island, uniq_jessica, uniq_sigmund
D:3:      old_standard_altar, lemuel_doored_altar, first_ration, minivault_23,
          minmay_vboxes
D:4:      led_xom_imps, gammafunk_temple_overflow_pools, temple_statues,
          serial_undead, serial_undead_e, serial_undead_c, serial_undead_b,
          serial_undead_e, nrook_uturn
D:5:      lemuel_crystal_altar, yredelemnul_forgotten_temple_becter,
          serial_gnoll_camp, gnoll_camp_huts_moat, gnoll_camp_mini_doghouse,
          gnoll_camp_mini_loothouse, gnoll_camp_medium_01, grums_kennel,
          gnoll_camp_medium_02

Skill      XL: |  1  2  3  4  5  6  7  8 |
---------------+-------------------------+-----
Maces & Flails | 3 4 5 6 7 |  7.2
Dodging        | 3 4 |  4.2
Fighting       | 3 4 |  4.9
Armour         | 1 2 |  2.1

Action                   |  1- 3 |  4- 6 |  7- 9 || total
-------------------------+-------+-------+-------++-------
Melee: Mace              |    22 |       |       ||    22
       Unarmed           |    78 |   126 |   134 ||   338
       Flail             |       |    57 |    87 ||   144
       Morningstar       |       |     4 |       ||     4
Throw: Javelin           |       |       |     2 ||     2
Invok: Trog's Hand       |       |     2 |     1 ||     3
       Berserk           |       |     1 |     2 ||     3
  Eat: Chunk             |    10 |    23 |    13 ||    46
Armor: Animal skin       |    35 |    58 |       ||    93
       Robe              |       |    20 |   112 ||   132
Dodge: Dodged            |    55 |   125 |   182 ||   362

Table legend:
 A = Non-vault XP
 B = Vault XP
 C = Vault XP percentage of total XP
 D = Non-vault monster count
 E = Vault monster count
 F = Vault count percentage of total count
                 A         B        C        D         E       F
            +---------+---------+-------+---------+---------+-------
      Total |     822 |    1125 |  57.8 |      87 |      34 |  28.1
            +---------+---------+-------+---------+---------+-------
        D:1 |      45 |       0 |   0.0 |      16 |       0 |   0.0
        D:2 |      75 |     279 |  78.8 |      21 |       2 |   8.7
        D:3 |      55 |      27 |  32.9 |      18 |       6 |  25.0
        D:4 |     490 |     488 |  49.9 |      25 |      16 |  39.0
        D:5 |     157 |     331 |  67.8 |       7 |      10 |  58.8
            +---------+---------+-------+---------+---------+-------

Vault maps used:
D:1:      onia_arrival_mini_spirals
D:2:      chequers_ecumenical_altar_island, uniq_jessica, uniq_sigmund
D:3:      old_standard_altar, lemuel_doored_altar, first_ration, minivault_23,
          minmay_vboxes
D:4:      led_xom_imps, gammafunk_temple_overflow_pools, temple_statues,
          serial_undead, serial_undead_e, serial_undead_c, serial_undead_b,
          serial_undead_e, nrook_uturn
D:5:      lemuel_crystal_altar, yredelemnul_forgotten_temple_becter,
          serial_gnoll_camp, gnoll_camp_huts_moat, gnoll_camp_mini_doghouse,
          gnoll_camp_mini_loothouse, gnoll_camp_medium_01, grums_kennel,
          gnoll_camp_medium_02

Table legend:
 A = Turns spent in this place as a percentage of turns spent in the entire game.
 B = Non-inter-level travel turns spent in this place as a percentage of non-inter-level travel turns spent in the entire game.
 C = Inter-level travel turns spent in this place as a percentage of turns spent in this place.
 D = Turns resting spent in this place as a percentage of non-inter-level travel turns spent in this place.
 E = Turns spent auto-exploring this place as a percentage of non-inter-level travel turns spent in this place.
 F = Non-inter-level travel turns spent in this place divided by the number of levels of this place that you've seen.
                   A       B       C       D       E      F
               +-------+-------+-------+-------+-------+----------------------
         Total | 100.0 | 100.0 |   4.9 |  11.0 |  62.2 | 774.0
       Dungeon | 100.0 | 100.0 |   4.9 |  11.0 |  62.2 | 774.0
               +-------+-------+-------+-------+-------+----------------------

Table legend:
 A = Kills in this place as a percentage of kills in entire the game.
 B = Kills by you in this place as a percentage of kills by you in the entire game.
 C = Kills by friends in this place as a percentage of kills by friends in the entire game.
 D = Other kills in this place as a percentage of other kills in the entire game.
 E = Experience gained in this place as a percentage of experience gained in the entire game.
 F = Experience gained in this place divided by the number of levels of this place that you have seen.
                   A       B       C       D       E      F
               +-------+-------+-------+-------+-------+----------------------
         Total | 100.0 | 100.0 |   N/A |   N/A | 100.0 | 389.4
       Dungeon | 100.0 | 100.0 |   N/A |   N/A | 100.0 | 389.4
               +-------+-------+-------+-------+-------+----------------------
